APP
BOSTON (APP) RED SOX @ BLUEFIELD BLUE JAYS
10/08/2049
 
TOP OF THE 1ST
Bluefield Blue Jays batting - Pitching for Boston (APP) Red Sox : RHP Nate Rizzi
Pitching: RHP Nate Rizzi
Batting: LHB Nate Greening 0-0: Called Strike
0-1: Ball
1-1: Foul Ball, location: 2F
1-2: Foul Ball, location: 2F
1-2: DOUBLE (Line Drive, 8RXD, EV 111.9 MPH)
Batting: RHB Akira Kubo 0-0: Ball
1-0: Swinging Strike
1-1: Ground out 5-3 (Groundball, 56, EV 91.2 MPH)
Batting: RHB Mark Noftall 0-0: Foul Ball, location: 2F
0-1: Ball
1-1: Foul Ball, location: 2F
1-2: Ball
2-2: Ball
3-2: Strikes out swinging
Batting: RHB Jake Bronner 0-0: Ball
1-0: Ball
2-0: Ball
3-0: Base on Balls
Batting: RHB Jorge Cruz 0-0: Ball
1-0: SINGLE (Groundball, 34D, EV 97.5 MPH)
Nate Greening to third
Jake Bronner to second
Runner from 3rd tries for Home, SAFE, throw by RF to home
Batting: RHB Dustin Bargman 0-0: Foul Ball, location: 2F
0-1: Ball
Wild Pitch!
Jake Bronner to third
Jorge Cruz to second
1-1: SINGLE (Line Drive, 8RS, EV 90.6 MPH)
Jake Bronner scores
Jorge Cruz to third
Runner from 3rd tries for Home, throw by CF and OUT! 8-2
Top of the 1st over - 2 runs, 3 hits, 0 errors, 1 left on base; Bluefield 2 - Boston (APP) 0
BOTTOM OF THE 1ST
Boston (APP) Red Sox batting - Pitching for Bluefield Blue Jays : RHP Marcus Reiling
Pitching: RHP Marcus Reiling
Batting: LHB Javier Cajina 0-0: Swinging Strike
0-1: Foul Ball, location: 2F
0-2: Ground out U3 (Groundball, 3, EV 102.5 MPH)
Batting: RHB Kirk Cully 0-0: Ball
1-0: SINGLE (Flyball, 8LS, EV 95.0 MPH)
Batting: LHB Mike Hutcheson 0-0: Fielders Choice at 2nd, 4-6 (Groundball, 4, EV 92.5 MPH)
Batting: LHB Kien-lung Zou 0-0: Ball
1-0: Fly out, F7 (Line Drive, 78M, EV 95.0 MPH)
Bottom of the 1st over - 0 runs, 1 hit, 0 errors, 1 left on base; Bluefield 2 - Boston (APP) 0
TOP OF THE 2ND
Bluefield Blue Jays batting - Pitching for Boston (APP) Red Sox : RHP Nate Rizzi
Batting: RHB Ed Swafford 0-0: Ball
1-0: Ground out 6-3 (Groundball, 6, EV 97.5 MPH)
Batting: LHB Ron de Vos 0-0: Called Strike
0-1: Called Strike
0-2: Ball
1-2: DOUBLE (Line Drive, 7LS, EV 100.6 MPH)
Batting: RHB Jorge Alva 0-0: Fly out, F8 (Flyball, 8RD, EV 98.1 MPH)
Runner from 2nd tags up, SAFE at 3rd with throw by CF
Batting: LHB Nate Greening 0-0: Foul Ball, location: 2F
0-1: Foul Ball, location: 2F
0-2: Ball
1-2: Ball
2-2: Foul Ball, location: 2F
2-2: Ball
3-2: Base on Balls
Batting: RHB Akira Kubo 0-0: Called Strike
0-1: DOUBLE (Line Drive, 89M, EV 97.5 MPH)
Ron de Vos scores
Nate Greening to third
Batting: RHB Mark Noftall 0-0: Called Strike
0-1: Called Strike
0-2: Ball
1-2: Foul Ball, location: 2F
1-2: Ball
2-2: Strikes out swinging
Top of the 2nd over - 1 run, 2 hits, 0 errors, 2 left on base; Bluefield 3 - Boston (APP) 0
BOTTOM OF THE 2ND
Boston (APP) Red Sox batting - Pitching for Bluefield Blue Jays : RHP Marcus Reiling
Batting: LHB Stanislav Parusov 0-0: Swinging Strike
0-1: Ball
1-1: Ball
2-1: Foul Ball, location: 2F
2-2: Foul Ball, location: 2F
2-2: Foul Ball, location: 2F
2-2: SINGLE (Groundball, 56S, EV 68.1 MPH) (infield hit)
Batting: RHB Joe Booth 0-0: Ball
1-0: Ball
2-0: Ball
3-0: Base on Balls
Stanislav Parusov to second
Batting: RHB Eric Kent 0-0: Ball
1-0: TRIPLE (Flyball, 8RXD, EV 109.4 MPH)
Stanislav Parusov scores
Joe Booth scores
Batting: RHB Luis Nino 0-0: Ball
Passed Ball!
Eric Kent scores
1-0: Called Strike
1-1: Ground out 6-3 (Groundball, 56, EV 104.4 MPH)
Batting: RHB Estevan Carrillo 0-0: Fly out, F7 (Flyball, 7S, EV 94.4 MPH)
Batting: LHB Javier Cajina 0-0: Ball
1-0: Ball
2-0: Ground out 6-3 (Groundball, 6M, EV 88.1 MPH)
Bottom of the 2nd over - 3 runs, 2 hits, 0 errors, 0 left on base; Bluefield 3 - Boston (APP) 3
TOP OF THE 3RD
Bluefield Blue Jays batting - Pitching for Boston (APP) Red Sox : RHP Nate Rizzi
Batting: RHB Jake Bronner 0-0: Foul Ball, location: 2F
0-1: Ball
1-1: Called Strike
1-2: Foul Ball, location: 2F
1-2: Ball
2-2: Foul Ball, location: 2F
2-2: Fly out, F9 (Line Drive, 9S, EV 111.2 MPH)
Batting: RHB Jorge Cruz 0-0: Fly out, F9 (Flyball, 9LSF, EV 84.4 MPH)
Batting: RHB Dustin Bargman 0-0: Ball
1-0: Ball
2-0: SINGLE (Groundball, 34D, EV 99.4 MPH)
Batting: RHB Ed Swafford 0-0: Ball
1-0: Called Strike
1-1: Ball
2-1: Foul Ball, location: 2F
2-2: Strikes out looking
Top of the 3rd over - 0 runs, 1 hit, 0 errors, 1 left on base; Bluefield 3 - Boston (APP) 3
BOTTOM OF THE 3RD
Boston (APP) Red Sox batting - Pitching for Bluefield Blue Jays : RHP Marcus Reiling
Batting: RHB Kirk Cully 0-0: Ground out 5-3 (Groundball, 5, EV 105.0 MPH)
Batting: LHB Mike Hutcheson 0-0: Ball
1-0: Fly out, F8 (Flyball, 8LM, EV 93.1 MPH)
Batting: LHB Kien-lung Zou 0-0: Called Strike
0-1: Ball
1-1: Swinging Strike
1-2: Fly out, F9 (Flyball, 89M, EV 92.5 MPH)
Bottom of the 3rd over - 0 runs, 0 hits, 0 errors, 0 left on base; Bluefield 3 - Boston (APP) 3
TOP OF THE 4TH
Bluefield Blue Jays batting - Pitching for Boston (APP) Red Sox : RHP Nate Rizzi
Batting: LHB Ron de Vos 0-0: Ball
1-0: Ball
2-0: Ball
3-0: Base on Balls
Batting: RHB Jorge Alva 0-0: Called Strike
0-1: Ball
1-1: Ball
Ron de Vos steals 2nd base
2-1: Ground out 6-3 (Groundball, 6, EV 93.8 MPH)
Ron de Vos to third
Batting: LHB Nate Greening 0-0: Ball
1-0: Ball
2-0: Ball
3-0: Base on Balls
Batting: RHB Akira Kubo 0-0: Ball
1-0: Called Strike
Nate Greening is caught stealing 2nd base 2-4
1-1: Ball
2-1: Fly out, F9 (Flyball, 9, EV 89.4 MPH)
Top of the 4th over - 0 runs, 0 hits, 0 errors, 1 left on base; Bluefield 3 - Boston (APP) 3
BOTTOM OF THE 4TH
Boston (APP) Red Sox batting - Pitching for Bluefield Blue Jays : RHP Marcus Reiling
Batting: LHB Stanislav Parusov 0-0: Called Strike
0-1: Ball
1-1: Ball
2-1: Ball
3-1: Base on Balls
Batting: RHB Joe Booth 0-0: Ball
Stanislav Parusov steals 2nd, throwing error, E2
Stanislav Parusov to third
1-0: Ball
2-0: Ball
3-0: Called Strike
3-1: Base on Balls
Batting: RHB Eric Kent 0-0: Foul Ball, location: 2F
0-1: Ball
1-1: Called Strike
Joe Booth is caught stealing 2nd base 2-4
1-2: Strikes out looking
Batting: RHB Luis Nino 0-0: Ball
1-0: Ball
2-0: 2-RUN HOME RUN (Flyball, 7D, EV 98.1 MPH), Distance : 383 ft
Batting: RHB Estevan Carrillo 0-0: Called Strike
0-1: Ball
1-1: Called Strike
1-2: SINGLE (Groundball, 6MS, EV 75.6 MPH) (infield hit)
Pitching: RHP Philip Sonnichsen
Batting: LHB Javier Cajina 0-0: Foul Ball, location: 2F
0-1: Fly out, F8 (Flyball, 8RS, EV 96.9 MPH)
Bottom of the 4th over - 2 runs, 2 hits, 1 error, 1 left on base; Bluefield 3 - Boston (APP) 5
TOP OF THE 5TH
Bluefield Blue Jays batting - Pitching for Boston (APP) Red Sox : RHP Nate Rizzi
Batting: RHB Mark Noftall 0-0: Ball
1-0: Foul Ball, location: 2F
1-1: Ball
2-1: Called Strike
2-2: Foul Ball, location: 2F
2-2: Ball
3-2: Base on Balls
Pitching: RHP Matt Collins
Batting: RHB Jake Bronner 0-0: Called Strike
0-1: Foul Ball, location: 2F
0-2: Fielders Choice at 2nd, 5-4 (Groundball, 56S, EV 89.4 MPH)
Batting: RHB Jorge Cruz 0-0: Ball
1-0: Grounds into double play, 6-4-3 (Groundball, 6, EV 85.6 MPH)
Top of the 5th over - 0 runs, 0 hits, 0 errors, 0 left on base; Bluefield 3 - Boston (APP) 5
BOTTOM OF THE 5TH
Boston (APP) Red Sox batting - Pitching for Bluefield Blue Jays : RHP Philip Sonnichsen
Batting: RHB Kirk Cully 0-0: Called Strike
0-1: Ball
1-1: Ground out 5-3 (Groundball, 56, EV 107.5 MPH)
Batting: LHB Mike Hutcheson 0-0: Called Strike
0-1: Ball
1-1: Ball
2-1: Foul Ball, location: 2F
2-2: Ball
3-2: SINGLE (Line Drive, 6M, EV 100.6 MPH)
Batting: LHB Kien-lung Zou 0-0: Ball
1-0: Called Strike
1-1: Called Strike
Mike Hutcheson steals 2nd, throwing error, E2
Mike Hutcheson to third
1-2: Ball
2-2: Strikes out swinging
Batting: LHB Stanislav Parusov 0-0: Ball
1-0: Ball
2-0: Ball
3-0: Called Strike
3-1: Called Strike
3-2: Strikes out swinging
Bottom of the 5th over - 0 runs, 1 hit, 1 error, 1 left on base; Bluefield 3 - Boston (APP) 5
TOP OF THE 6TH
Bluefield Blue Jays batting - Pitching for Boston (APP) Red Sox : RHP Matt Collins
Batting: RHB Dustin Bargman 0-0: Swinging Strike
0-1: DOUBLE (Flyball, 78D, EV 107.5 MPH)
Batting: RHB Ed Swafford 0-0: Swinging Strike
0-1: Ground out 1-3 (Groundball, 13S, EV 63.1 MPH)
Dustin Bargman to third
Batting: LHB Ron de Vos 0-0: Fly out, F5 (Popup, 56S, EV 75.0 MPH)
Pinch Hitting: SHB Kevin Watson 0-0: Called Strike
0-1: SINGLE (Groundball, 6MD, EV 94.4 MPH)
Dustin Bargman scores
Batting: LHB Nate Greening 0-0: Called Strike
0-1: Called Strike
0-2: Foul Ball, location: 2F
0-2: Strikes out swinging
Top of the 6th over - 1 run, 2 hits, 0 errors, 1 left on base; Bluefield 4 - Boston (APP) 5
BOTTOM OF THE 6TH
Boston (APP) Red Sox batting - Pitching for Bluefield Blue Jays : RHP Philip Sonnichsen
Now in LF: Kevin Watson
Now in CF: Ron de Vos
Batting: RHB Joe Booth 0-0: Swinging Strike
0-1: Swinging Strike
0-2: Strikes out looking
Batting: RHB Eric Kent 0-0: Called Strike
0-1: Called Strike
0-2: Foul Ball, location: 2F
0-2: Strikes out looking
Batting: RHB Luis Nino 0-0: Ball
1-0: Ball
2-0: Called Strike
2-1: Called Strike
2-2: Ball
3-2: Strikes out swinging, 2-3 out at first.
Bottom of the 6th over - 0 runs, 0 hits, 0 errors, 0 left on base; Bluefield 4 - Boston (APP) 5
TOP OF THE 7TH
Bluefield Blue Jays batting - Pitching for Boston (APP) Red Sox : RHP Matt Collins
Batting: RHB Akira Kubo 0-0: Called Strike
0-1: Ball
1-1: Swinging Strike
1-2: Ball
2-2: SINGLE (Groundball, 25, EV 66.9 MPH) (infield hit)
Batting: RHB Mark Noftall 0-0: Ball
1-0: Ball
Wild Pitch!
Akira Kubo to second
2-0: Ball
3-0: Called Strike
3-1: Base on Balls
Pinch Hitting: LHB Lothar Middelkoop 0-0: Ball
1-0: Grounds into double play, 3-6-3 (Groundball, 3, EV 102.5 MPH)
Akira Kubo to third
Batting: RHB Jorge Cruz 0-0: Ball
1-0: Ball
2-0: Called Strike
2-1: Called Strike
2-2: Ball
3-2: Strikes out swinging
Top of the 7th over - 0 runs, 1 hit, 0 errors, 1 left on base; Bluefield 4 - Boston (APP) 5
BOTTOM OF THE 7TH
Boston (APP) Red Sox batting - Pitching for Bluefield Blue Jays : RHP Philip Sonnichsen
Now in RF: Benedikt Fleischmann
Batting: RHB Estevan Carrillo 0-0: Foul Ball, location: 2F
0-1: Ball
1-1: Fly out, F8 (Flyball, 8LXD, EV 103.8 MPH)
Batting: LHB Javier Cajina 0-0: Foul Ball, location: 2F
0-1: Ball
1-1: Called Strike
1-2: Ball
2-2: Strikes out swinging
Batting: RHB Kirk Cully 0-0: Called Strike
0-1: Fly out, F7 (Flyball, 7D, EV 90.0 MPH)
Bottom of the 7th over - 0 runs, 0 hits, 0 errors, 0 left on base; Bluefield 4 - Boston (APP) 5
TOP OF THE 8TH
Bluefield Blue Jays batting - Pitching for Boston (APP) Red Sox : RHP Matt Collins
Batting: RHB Dustin Bargman 0-0: Swinging Strike
0-1: Ball
1-1: Ball
2-1: Ground out 6-3 (Groundball, 56, EV 81.9 MPH)
Batting: RHB Ed Swafford 0-0: SINGLE (Groundball, 4D, EV 105.6 MPH)
Pitching: LHP Brad Victor
Batting: LHB Ron de Vos 0-0: Ball
1-0: Called Strike
1-1: Foul Ball, location: 2F
1-2: Foul Ball, location: 2F
1-2: Strikes out swinging
Batting: SHB Kevin Watson 0-0: Called Strike
0-1: Ball
1-1: Ball
2-1: Swinging Strike
2-2: Foul Ball, location: 2F
2-2: Ball
3-2: Fly out, F6 (Popup, 4MS, EV 71.9 MPH)
Top of the 8th over - 0 runs, 1 hit, 0 errors, 1 left on base; Bluefield 4 - Boston (APP) 5
BOTTOM OF THE 8TH
Boston (APP) Red Sox batting - Pitching for Bluefield Blue Jays : RHP Philip Sonnichsen
Pitching: RHP Nick Ford
Batting: LHB Mike Hutcheson 0-0: Fly out, F8 (Flyball, 8LXD, EV 79.4 MPH)
Batting: LHB Kien-lung Zou 0-0: Ball
1-0: Swinging Strike
1-1: Ground out 3-1 (Groundball, 34, EV 102.5 MPH)
Batting: LHB Stanislav Parusov 0-0: Ball
1-0: Foul Ball, location: 2F
1-1: TRIPLE (Groundball, 3L, EV 105.6 MPH)
Batting: RHB Joe Booth 0-0: Ball
1-0: Ball
2-0: Called Strike
2-1: Swinging Strike
2-2: Ball
3-2: Hit by Pitch
Batting: RHB Eric Kent 0-0: Called Strike
0-1: Ball
1-1: Swinging Strike
1-2: Fly out, F9 (Flyball, 89M, EV 83.8 MPH)
Bottom of the 8th over - 0 runs, 1 hit, 0 errors, 2 left on base; Bluefield 4 - Boston (APP) 5
TOP OF THE 9TH
Bluefield Blue Jays batting - Pitching for Boston (APP) Red Sox : LHP Brad Victor
Pitching: RHP Cedric Tyler
Batting: LHB Nate Greening 0-0: Called Strike
0-1: Foul Ball, location: 2F
0-2: SINGLE (Line Drive, 78D, EV 105.0 MPH)
Batting: RHB Akira Kubo 0-0: Ball
1-0: Sac Bunt to 23 - play at first, batter OUT! 3-4
Nate Greening to second
Batting: RHB Mark Noftall 0-0: Called Strike
0-1: Ball
1-1: Ball
2-1: Called Strike
2-2: Ball
3-2: Foul Ball, location: 2F
3-2: Foul Ball, location: 2F
3-2: 2-RUN HOME RUN (Flyball, 7D, EV 100.0 MPH), Distance : 388 ft
Batting: RHB Benedikt Fleischmann 0-0: Ball
1-0: Ball
2-0: Foul Ball, location: 2F
2-1: Called Strike
2-2: Foul Ball, location: 2F
2-2: Ball
3-2: Foul Ball, location: 2F
3-2: Strikes out swinging
Batting: RHB Jorge Cruz 0-0: Called Strike
0-1: Foul Ball, location: 2F
0-2: Foul Ball, location: 2F
0-2: Strikes out swinging
Top of the 9th over - 2 runs, 2 hits, 0 errors, 0 left on base; Bluefield 6 - Boston (APP) 5
BOTTOM OF THE 9TH
Boston (APP) Red Sox batting - Pitching for Bluefield Blue Jays : RHP Nick Ford
Pitching: RHP Dave Vandehey
Now in LF: Manny Elizondo
Pinch Hitting: RHB Josh Smith 0-0: Foul Ball, location: 2F
0-1: Ball
1-1: SINGLE (Groundball, 56, EV 98.8 MPH)
Pinch Hitting: RHB Bakhtiar Asadov 0-0: Grounds into double play, 6-4-3 (Groundball, 6, EV 104.4 MPH)
Batting: LHB Javier Cajina 0-0: DOUBLE (Line Drive, 3D, EV 106.2 MPH)
Batting: RHB Kirk Cully 0-0: Called Strike
0-1: Swinging Strike
0-2: DOUBLE (Flyball, 89D, EV 92.5 MPH)
Javier Cajina scores
Batting: LHB Mike Hutcheson 0-0: Ball
1-0: Called Strike
1-1: Fly out, F5 (Popup, 15, EV 85.0 MPH)
Bottom of the 9th over - 1 run, 3 hits, 0 errors, 1 left on base; Bluefield 6 - Boston (APP) 6
TOP OF THE 10TH
Bluefield Blue Jays batting - Pitching for Boston (APP) Red Sox : RHP Cedric Tyler
Now at 1B: Kien-lung Zou
Now at 2B: Stanislav Parusov
Now at SS: Matsudaira Ikeda
Now in RF: Bakhtiar Asadov
Batting: RHB Dustin Bargman 0-0: Called Strike
0-1: Ball
1-1: Ball
2-1: Foul Ball, location: 2F
2-2: Ball
3-2: Base on Balls
Batting: RHB Ed Swafford 0-0: Sac Bunt to 13 - play at first, batter OUT! 1-3
Dustin Bargman to second
Batting: LHB Ron de Vos 0-0: Called Strike
0-1: Ball
1-1: Ball
2-1: Swinging Strike
2-2: Foul Ball, location: 2F
2-2: Strikes out swinging
Pitching: RHP Jose Duran
Batting: RHB Manny Elizondo 0-0: Foul Ball, location: 2F
0-1: Called Strike
0-2: Strikes out swinging
Top of the 10th over - 0 runs, 0 hits, 0 errors, 1 left on base; Bluefield 6 - Boston (APP) 6
BOTTOM OF THE 10TH
Boston (APP) Red Sox batting - Pitching for Bluefield Blue Jays : RHP Dave Vandehey
Pitching: RHP Eric Bessire
Batting: LHB Kien-lung Zou 0-0: Ball
1-0: Called Strike
1-1: Foul Ball, location: 2F
1-2: Ground out 1-3 (Groundball, P, EV 70.0 MPH)
Batting: LHB Stanislav Parusov 0-0: Ball
1-0: Ground out 4-3 (Groundball, 4M, EV 106.9 MPH)
Batting: RHB Joe Booth 0-0: Swinging Strike
0-1: Called Strike
0-2: Ball
1-2: Ball
2-2: Foul Ball, location: 2F
2-2: Ball
3-2: Foul Ball, location: 2F
3-2: Foul Ball, location: 2F
3-2: Fly out, F8 (Flyball, 8RXD, EV 93.1 MPH)
Bottom of the 10th over - 0 runs, 0 hits, 0 errors, 0 left on base; Bluefield 6 - Boston (APP) 6
TOP OF THE 11TH
Bluefield Blue Jays batting - Pitching for Boston (APP) Red Sox : RHP Jose Duran
Batting: LHB Nate Greening 0-0: Called Strike
0-1: Ball
1-1: Ball
2-1: Ball
3-1: Foul Ball, location: 2F
3-2: Base on Balls
Batting: RHB Akira Kubo 0-0: Ball
Nate Greening steals 2nd base
1-0: Bunted foul
1-1: Bunt missed!
1-2: Fly out, F7 (Flyball, 78S, EV 97.5 MPH)
Batting: RHB Mark Noftall 0-0: Intentional Walk
Pinch Hitting: RHB Lao-che Zhu 0-0: Ball
1-0: Fielders Choice at 2nd, 4-6 (Groundball, 4, EV 78.8 MPH)
Nate Greening to third
Batting: RHB Jorge Cruz 0-0: Hit by Pitch
Lao-che Zhu to second
Batting: RHB Dustin Bargman 0-0: Foul Ball, location: 2F
0-1: Foul Ball, location: 2F
0-2: Ball
1-2: Strikes out swinging
Top of the 11th over - 0 runs, 0 hits, 0 errors, 3 left on base; Bluefield 6 - Boston (APP) 6
BOTTOM OF THE 11TH
Boston (APP) Red Sox batting - Pitching for Bluefield Blue Jays : RHP Eric Bessire
Now in RF: Mike Chamberlain
Batting: RHB Eric Kent 0-0: DOUBLE (Line Drive, 5D, EV 93.8 MPH)
Batting: SHB Matsudaira Ikeda 0-0: Ball
1-0: Called Strike
1-1: Called Strike
1-2: Ball
2-2: Strikes out swinging
Batting: RHB Bakhtiar Asadov 0-0: Swinging Strike
0-1: Swinging Strike
0-2: Strikes out swinging
Batting: LHB Javier Cajina 0-0: Intentional Walk
Batting: RHB Kirk Cully 0-0: Foul Ball, location: 2F
0-1: Ball
1-1: Swinging Strike
1-2: Ball
2-2: Strikes out swinging
Bottom of the 11th over - 0 runs, 1 hit, 0 errors, 2 left on base; Bluefield 6 - Boston (APP) 6
TOP OF THE 12TH
Bluefield Blue Jays batting - Pitching for Boston (APP) Red Sox : RHP Jose Duran
Batting: RHB Ed Swafford 0-0: Called Strike
0-1: Called Strike
0-2: Ground out 6-3 (Groundball, 6, EV 104.4 MPH)
Pitching: LHP Jessie Leslie
Batting: LHB Ron de Vos 0-0: Called Strike
0-1: Ground out U3 (Groundball, 34S, EV 84.4 MPH)
Batting: RHB Manny Elizondo 0-0: Ground out 6-3 (Groundball, 6, EV 97.5 MPH)
Top of the 12th over - 0 runs, 0 hits, 0 errors, 0 left on base; Bluefield 6 - Boston (APP) 6
BOTTOM OF THE 12TH
Boston (APP) Red Sox batting - Pitching for Bluefield Blue Jays : RHP Eric Bessire
Pitching: LHP William Capuano
Batting: LHB Mike Hutcheson 0-0: Called Strike
0-1: Ball
1-1: Foul Ball, location: 2F
1-2: Foul Ball, location: 2F
1-2: Foul Ball, location: 2F
1-2: TRIPLE (Flyball, 89XD, EV 88.8 MPH)
Batting: LHB Kien-lung Zou 0-0: Intentional Walk
Batting: LHB Stanislav Parusov 0-0: Called Strike
0-1: Ball
1-1: Ball
2-1: Ball
3-1: Base on Balls
Kien-lung Zou to second
Batting: RHB Joe Booth 0-0: Ball
1-0: Ball
2-0: Foul Ball, location: 2F
2-1: Ball
3-1: Called Strike
3-2: Strikes out swinging
Batting: RHB Eric Kent 0-0: Ball
1-0: Ball
2-0: Ball
3-0: Base on Balls
Mike Hutcheson scores
Kien-lung Zou to third
Stanislav Parusov to second
Bottom of the 12th over - 1 run, 1 hit, 0 errors, 3 left on base; Bluefield 6 - Boston (APP) 7
Sunday, July 16th , 2023 - OOTP Baseball 24.6 Build 69